 Dungeon Crawl Stone Soup version 0.30-a0-778-g2ef04afb54 (webtiles) character file.

Game seed: 4064979772402065566

1158 BigDaddyOpFi the Digger (level 8, 0/40 (41) HPs)
             Began as a Meteoran Earth Elementalist on Feb 15, 2023.
             Killed from afar by a white imp (10 damage)
             ... with a puff of frost
             ... on level 6 of the Dungeon.
             The game lasted 00:07:38 (4144 turns).

BigDaddyOpFi the Digger (MeEE)                      Turns: 4144, Time: 00:07:38

HP:   0/40 (41)     AC:  3    Str:  7    XL:     8   Next: 98%
MP:   3/19          EV: 13    Int: 28    God:
Gold: 232           SH:  0    Dex: 15    Spells: 16/20 levels left

rFire   . . .      SeeInvis .    v - +5 broad axe "Cuyb Ozy" {vamp, rN+ Str-3 Int+4}
rCold   . . .      Faith    .    (no shield)
rNeg    + . .      Spirit   .    a - +0 robe
rPois   .          Reflect  .    (no helmet)
rElec   .          Harm     .    y - scarf {shadows}
rCorr   .          Rampage  .    h - +0 pair of gloves
Will    +....                    (no boots)
Stlth   +                        (no amulet)
HPRegen 0.26/turn                o - ring of wizardry
MPRegen 0.16/turn                r - +6 ring of intelligence

@: glowing, lightly drained
A: sense surroundings 1, otherworldly, glowing, explore regen
a: no special abilities


You were on level 6 of the Dungeon.
You visited 2 branches of the dungeon, and saw 7 of its levels.

You collected 232 gold pieces.

Inventory:

Hand Weapons
 k - a +0 short sword
 l - a +2 heavy mace
 v - the +5 broad axe "Cuyb Ozy" (weapon) {vamp, rN+ Str-3 Int+4}
   (You took it off an orc on level 4 of the Dungeon)

   Str:       It affects your strength (-3).
   Int:       It affects your intelligence (+4).
   rN:        It protects you from negative energy.
Armour
 a - a +0 robe (worn)
 h - a +0 pair of gloves (worn)
 y - a scarf of shadows (worn)
Magical Staves
 s - a staff of earth
Jewellery
 o - a ring of wizardry (left hand)
 r - a +6 ring of intelligence (right hand)
Wands
 p - a wand of digging (4)
Scrolls
 f - 3 scrolls of fear
 g - a scroll of enchant weapon
 t - 2 scrolls of magic mapping
 u - a scroll of torment
 w - 2 scrolls of identify
Potions
 b - a potion of magic
 c - 3 potions of curing
 d - 3 potions of cancellation {unknown}
 e - 2 potions of brilliance {unknown}
 i - 2 potions of mutation {unknown}
 j - 6 potions of flight {unknown}
 m - a potion of might {unknown}
 n - 2 potions of heal wounds {unknown}
 q - a potion of lignification {unknown}
 x - a potion of resistance {unknown}
 z - a potion of attraction {unknown}


   Skills:
 + Level 1.1 Fighting
 + Level 1.3 Axes
 + Level 3.2 Dodging
 + Level 2.0 Stealth
 + Level 6.7 Spellcasting
 + Level 5.8 Conjurations
 - Level 1.7 Transmutations
 * Level 2.2 Air Magic
 - Level 6.9 Earth Magic


You had 16 spell levels left.
You knew the following spells:

 Your Spells              Type           Power      Damage    Failure   Level
a - Sandblast             Erth           96%        2d20      1%          1
b - Stone Arrow           Conj/Erth      90%        3d12      1%          3

Your spell library contained the following spells:

 Spells                   Type           Power      Damage    Failure   Level
 Passwall                 Tmut/Erth      27%        N/A       1%          2
 Static Discharge         Conj/Air       64%        2-5/arc   1%          2
 Apportation              Tloc           18%        N/A       2%          1
 Vhi's Electric Charge    Tloc/Air       30%        N/A       4%          3
 Petrify                  Tmut/Erth      33%        N/A       4%          4
 Arcjolt                  Conj/Air       16%        1d26      12%         5
 Lightning Bolt           Conj/Air       16%        1d30      12%         5
 Summon Ice Beast         Ice/Summ       9%         N/A       22%         4
 Alistair's Intoxication  Tmut/Pois      9%         N/A       38%         5
 Summon Mana Viper        Hex/Summ       9%         N/A       50%         5
 Monstrous Menagerie      Summ           4%         N/A       100%        7


Dungeon Overview and Level Annotations

Branches:
Dungeon (6/15) Zot: 363    Temple (1/1) D:4 Zot: 44

Altars:
Ashenzari
Dithmenos
Elyvilon
Gozag
Nemelex Xobeh
Okawaru
Sif Muna
Uskayaw
Wu Jian
Xom
Yredelemnul
Zin
The Shining One

Annotations:
D:4 2 transporters, Spectrina's ghost, weakling MfRe


Innate Abilities, Weirdness & Mutations

You passively map a small area around you.
You are easily found by Zot.
You glow in the dark.
You regain HP and MP as you explore.


Message History

Beogh smites you! The white imp gestures at you. The puff of frost hits you!
Casting: Stone Arrow (safe; 1% risk of failure)
Confirm with . or Enter, or press ? or * to list all spells.
Aiming: Stone Arrow (safe; 1% risk of failure)
Press: ? - help, Shift-Dir - straight line, f/p - orc priest
Aim: an orc priest, wielding a +0 hand axe (78% to hit)
You feel a surge of power!
The stone arrow misses the orc priest.
The stone arrow hits the wight!
The wight is heavily damaged.
A bullfrog comes into view.
A wight comes into view. It is wielding a +5 hand axe.
The bullfrog moves out of view.
Casting: Stone Arrow (safe; 1% risk of failure)
Confirm with . or Enter, or press ? or * to list all spells.
Aiming: Stone Arrow (safe; 1% risk of failure)
Press: ? - help, Shift-Dir - straight line, f/p - orc priest
Aim: an orc priest, wielding a +0 hand axe (78% to hit)
You feel a surge of power!
The stone arrow hits the orc priest!
The orc priest is heavily wounded.
You hit the orc priest. Your punch misses the orc priest.
The orc priest is severely wounded.
The orc priest closely misses you.
A wight comes into view. It is wielding a +4 flail.
A wight comes into view. It is wielding a +3 hand axe.
You feel weaker.
You feel clever.
You feel a sense of dread.
v - the +5 broad axe "Cuyb Ozy" (weapon)
{vamp, rN+ Str-3 Int+4} You barely miss the orc priest.
The orc priest is severely wounded.
The orc priest hits you with a +0 hand axe.
The wight hits you from afar with a +0 spear.
* * * LOW HITPOINT WARNING * * *
You partially resist.
You feel drained.
* * * LOW HITPOINT WARNING * * *
The white imp gestures at you. The puff of frost hits you!
You die...

..### ,....# #..###.##
#..## .## * .##.#
#...#..# *#...# .# .
*..###......####....#
## *#..#
............#...## *
####...#
,...............#* ,
........
#........†...## .##
........ *
#........##..# * ..
.......# #.......#...<.
## ........
#...@.......... ##.
.###.... *
#..o5............ #..
## #...
#..=zz....#........##..
# #..
......##..##.....#.....
## #. ..z.## #.## ... *
#... .## .z.. .# * #...
..# ... * # , #... ...#
, * #... ##.... , * *
##..


You could see 4 wights, an orc priest and a white imp.

Vanquished Creatures
  A water moccasin (D:6)
  An orc warrior (D:6)
  A sky beast (D:6)
  A black bear (Temple)
  4 ogres
  A phantom (D:4)
  A scorpion (D:5)
  A hound (D:5)
  A jelly (D:5)
  2 iguanas
  2 orc wizards
  6 adders
  A white imp (D:5)
  8 orcs
  11 ball pythons
  5 endoplasms
  3 giant cockroaches
  5 goblins
  8 hobgoblins
  18 jackals
  3 kobolds
  3 quokkas
  3 bats (D:1)
  2 frilled lizards
  4 rats
96 creatures vanquished.

Notes
Turn   | Place    | Note
-------+----------+-------------------------------------------
     0 | D:1      | BigDaddyOpFi the Meteoran Earth Elementalist began the
                  | quest for the Orb.
     0 | D:1      | Reached XP level 1. HP: 14/14 MP: 5/5
   180 | D:1      | Found a faded altar of an unknown god.
   206 | D:1      | Reached XP level 2. HP: 17/20 MP: 3/6
   493 | D:1      | Glimpsed the power of Zot.
   541 | D:1      | Glimpsed the power of Zot.
   581 | D:1      | Glimpsed the power of Zot.
   591 | D:1      | Touched by the power of Zot.
   692 | D:1      | Glimpsed the power of Zot.
   754 | D:2      | Reached XP level 3. HP: 10/19 MP: 6/8
   773 | D:2      | Learned a level 3 spell: Stone Arrow
   965 | D:2      | Reached skill level 1 in Conjurations
   973 | D:2      | Reached XP level 4. HP: 17/26 MP: 4/9
  1278 | D:2      | Glimpsed the power of Zot.
  1328 | D:2      | Glimpsed the power of Zot.
  1604 | D:3      | Reached XP level 5. HP: 31/31 MP: 3/11
  1661 | D:3      | Found an opulent altar of Gozag.
  1780 | D:4      | Found a staircase to the Ecumenical Temple.
  1795 | D:4      | Identified the +5 broad axe "Cuyb Ozy" {vamp, rN+ Str-3
                  | Int+4}
  1798 | D:4      | Noticed a black bear
  1803 | Temple   | Entered the Ecumenical Temple
  1803 | Temple   | Found a transporter.
  1803 | Temple   | Found a transporter.
  1926 | D:4      | Noticed a phantom
  1931 | Temple   | Killed a black bear
  1932 | Temple   | Reached skill level 5 in Earth Magic
  1932 | Temple   | Reached XP level 6. HP: 16/38 MP: 2/13
  2313 | Temple   | Glimpsed the power of Zot.
  2336 | Temple   | Found a transporter.
  2336 | Temple   | Found a transporter.
  2381 | Temple   | Glimpsed the power of Zot.
  2807 | D:4      | Found a transporter.
  2808 | D:4      | Noticed Spectrina's ghost (weakling MfRe)
  2810 | D:4      | Identified the +10 great mace "Raiwk" {freeze, *Rage Int+9}
  2810 | D:4      | Noticed an ogre
  2828 | D:4      | Found a transporter.
  2852 | D:4      | Found a shimmering blue altar of Sif Muna.
  3008 | D:4      | Glimpsed the power of Zot.
  3058 | D:4      | Glimpsed the power of Zot.
  3069 | D:5      | Entered Level 5 of the Dungeon
  3074 | D:5      | Identified a scroll of acquirement
  3074 | D:5      | Acquired a staff of earth
  3107 | D:5      | Reached skill level 5 in Spellcasting
  3107 | D:5      | Reached XP level 7. HP: 32/44 MP: 11/15
  3608 | D:5      | Glimpsed the power of Zot.
  3657 | D:5      | Glimpsed the power of Zot.
  3697 | D:5      | Glimpsed the power of Zot.
  3707 | D:5      | Touched by the power of Zot.
  3790 | D:6      | Reached XP level 8. HP: 39/39 MP: 10/18
  3927 | D:6      | Reached skill level 5 in Conjurations
  4044 | D:6      | Reached skill level 1 in Air Magic
  4118 | D:6      | Reached skill level 1 in Axes
  4139 | D:6      | Reached skill level 1 in Fighting
  4144 | D:6      | Killed from afar by a white imp

Illustrated notes

Levels and vault maps discovered:
D:1:      psy_arrival_wood_between_worlds, layout_basic,
          dreamdust_ecumenical_altar_statues
D:2:      layout_rooms, minivault_14
D:3:      layout_rooms, overflow_temple_1_default
D:4:      layout_loops_ring, led_sif_pool, minmay_temple_entry_arrows,
          gammafunk_ghost_smash
D:5:      layout_basic, kennysheep_generic_room_15, uniq_pikel, uniq_menkaure
D:6:      layout_layer_cave
Temple:   hellmonk_temple_divided_pantheon

Skill      XL: |  1  2  3  4  5  6  7  8 |
---------------+-------------------------+-----
Spellcasting   | 3 4 5 6 |  6.7
Earth Magic    | 4 5 6 |  6.9
Conjurations   | 1 2 3 4 5 |  5.8
Air Magic      | 2 |  2.2
Axes           | 1 |  1.3
Dodging        | 3 |  3.2
Fighting       | 1 |  1.1
Stealth        | 2 |  2.0
Transmutations | |  1.7

Action                     |  1- 3 |  4- 6 |  7- 9 || total
---------------------------+-------+-------+-------++-------
  Melee: Unarmed           |    21 |       |       ||    21
         Short sword       |     4 |     2 |       ||     6
         Mace              |       |     8 |       ||     8
         Broad axe         |       |     5 |     1 ||     6
         Staff             |       |       |     1 ||     1
   Cast: Sandblast         |    33 |    38 |     3 ||    74
         Stone Arrow       |       |    32 |    30 ||    62
    Use: Potion            |       |     1 |       ||     1
         Scroll            |       |     5 |       ||     5
 Armour: Robe              |    10 |    30 |       ||    40
  Dodge: Dodged            |    37 |    50 |     2 ||    89

Table legend: (Time is in decaauts)
 A = Elapsed time spent in this place.
 B = Non-inter-level travel time spent in this place.
 C = Inter-level travel time spent in this place.
 D = Time resting spent in this place.
 E = Time spent auto-exploring this place.
 F = Levels seen in this place.
 G = Mean time per level.
                   A        B        C        D        E       F      G
               +--------+--------+--------+--------+--------+-----+--------+
         Total |   4192 |   4096 |     96 |   1297 |   1847 |   7 |  598.9 |
       Dungeon |   3636 |   3540 |     96 |    806 |   1847 |   6 |  606.0 |
        Temple |    555 |    555 |      0 |    491 |      0 |   1 |  555.0 |
               +--------+--------+--------+--------+--------+-----+--------+

Top non-repeatable levels by time:
     D:4: 751 daAuts
     D:1: 749 daAuts
     D:5: 684 daAuts
     D:2: 632 daAuts
  Temple: 555 daAuts
     D:3: 428 daAuts
     D:6: 390 daAuts
